cohdb
Replays
Latest Replays
All Replays
Popular Replays
Top Player Replays
Match Explorer
How It Works
Community
CoH3 Stats
Reddit
Sign in to upload your games and track your stats! →
Sign in with Steam
Match 47277073
Unlisted
Match 47277073
Overview
Messages
Build Orders
End
Engineer Squad
Selects Airborne Battlegroup
Selects Heavy Machine Gun Paradrop
Heavy Machine Gun Paradrop
Construct Barracks
Heavy Machine Gun Paradrop
M1 Mortar Team
Construct Medical Station
Selects Paratrooper Squad Paradrop
Paratrooper Squad Paradrop
Paratrooper Squad Paradrop
Selects Recon Loiter
Paratrooper Squad Paradrop
Infantry Support Center
Paratrooper Squad Paradrop
Paratrooper Squad Paradrop
Selects Supply Drop
Survival Training
Selects Dual P-47 Rocket Strike
Supply Drop
John.J.Rambo
ww26282006
晨曦朝露
SPARTAN6
Cuban Pete
Bored Johann
bkreuzer
vincent
0
0
Comments
sign in to comment!
No comments posted yet!